 Dungeon Crawl Stone Soup version 0.19-a0-734-ge18daf0 (webtiles) character file.

80095 mistymad the Markscentaur (level 15, 0/107 HPs)
             Began as a Centaur Hunter on June 22, 2016.
             Was the Champion of Fedhas.
             Killed from afar by Louise (15 damage)
             ... with a bolt of lightning
             ... on level 2 of the Snake Pit.
             The game lasted 01:56:30 (30837 turns).

mistymad the Markscentaur (Centaur Hunter)         Turns: 30837, Time: 01:56:31

Health: 0/107      AC: 21    Str: 11    XL:     15   Next: 22%
Magic:  32/32      EV: 12    Int:  8    God:    Fedhas [******]
Gold:   1683       SH:  0    Dex: 16    Spells: 0 memorised, 14 levels left

rFire  . . .     SeeInvis .     a - +8 longbow (freeze)
rCold  . . .     Gourm    .     D - +0 ring mail "Roikotax" {Regen+ MP+9} (curse)
rNeg   . . .     Faith    .     (shield currently unavailable)
rPois  +         Spirit   .     (no helmet)
rElec  .         Dismiss  .     i - +1 cloak
rCorr  .         Reflect  .     S - +1 pair of gloves
SustAt .         Harm     .     q - +1 centaur barding {Stlth+}
MR     +....                    y - amulet of regeneration
Stlth  ++........               p - +3 ring of slaying
                                B - +2 ring of protection

@: studying Dodging, very quick, somewhat resistant to hostile enchantments,
unstealthy
A: fangs 1, hooves 3, slimy green scales 1, blink, blurry vision 1, deformed
body, dopey 1, speed 2, frail 2, high mp 1, low mp 1, sense surroundings 1,
poison resistance, screaming 1, slow regeneration 1, tough skin 3, weak 2
a: Blink, Evolution, Sunlight, Growth, Reproduction, Rain, Renounce Religion


You were on level 2 of the Snake Pit.
You worshipped Fedhas.
Fedhas was exalted by your worship.
You were hungry.

You visited 4 branches of the dungeon, and saw 21 of its levels.
You visited the Abyss 1 time.

You collected 1837 gold pieces.
You spent 154 gold pieces at shops.

Inventory:

Hand Weapons
 a - a +8 longbow of freezing (weapon)
 b - the +8 falchion of the Morning {flame, rPois Str+2}
   (You found it on level 6 of the Lair of Beasts)

   It has been specially enchanted to burn those struck by it, causing extra
   injury to most foes and up to half again as much damage against particularly
   susceptible opponents.
   Big, fiery blades are also staple armaments of hydra-hunters.
   It affects your strength (+2).
   It protects you from poison.
Missiles
 d - 100 arrows (quivered)
Armour
 i - a +1 cloak (worn)
 q - a +1 centaur barding of stealth (worn)
 D - the cursed +0 ring mail "Roikotax" (worn) {Regen+ MP+9}
   (You found it on level 2 of the Abyss)

   It affects your magic capacity (+9).
   It increases your rate of regeneration.
   It has a curse placed upon it.
 K - a +2 robe of resistance
 S - a +1 pair of gloves (worn)
Jewellery
 o - an uncursed ring of protection from fire
 p - a +3 ring of slaying (right hand)
 x - an uncursed ring of protection from cold
 y - an amulet of regeneration (around neck)
 B - a +2 ring of protection (left hand)
Wands
 A - a wand of iceblast (6/15)
 C - a wand of paralysis (6/24)
 M - a wand of lightning (9/15)
 Q - a wand of slowing (11/48)
 T - a wand of digging (5/24)
 W - a wand of disintegration (9/24)
 Y - a wand of hasting (0/9)
Scrolls
 e - 6 scrolls of magic mapping
 j - 6 scrolls of enchant armour
 t - 14 scrolls of remove curse
 u - 5 scrolls of fog
 E - a scroll of blinking
 F - 4 scrolls of amnesia
 J - 3 scrolls of recharging
 N - a scroll of holy word
 R - 2 scrolls of random uselessness {unknown}
 X - a scroll of enchant weapon
 Z - a scroll of fear
Potions
 c - 3 potions of berserk rage
 m - a potion of brilliance
 n - 3 potions of haste {unknown}
 s - 4 potions of flight
 w - a potion of resistance
 z - 5 potions of might
 G - a potion of agility
 H - a potion of magic {unknown}
 I - a potion of invisibility {unknown}
 P - 2 potions of curing
Books
 r - a manual of Dodging
 L - a book of Conjurations

   Spells                             Type                      Level
   a - Magic Dart                     Conjuration                  1
   b - Searing Ray                    Conjuration                  2
   c - Dazzling Spray                 Conjuration/Hexes            3
   d - Fulminant Prism                Conjuration/Hexes            4
   e - Iskenderun's Mystic Blast      Conjuration                  4
   f - Iskenderun's Battlesphere      Conjuration/Charms           5
 V - a Necronomicon

   Spells                             Type                      Level
   a - Haunt                          Necromancy/Summoning         7
   b - Borgnjor's Revivification      Necromancy                   8
   c - Death's Door                   Charms/Necromancy            8
   d - Necromutation                  Transmutation/Necromancy     8
Comestibles
 f - 13 bread rations
 h - 4 fruits
 k - 16 royal jellies
 l - 7 meat rations
 v - 7 slices of pizza
 O - 5 beef jerkies


   Skills:
 + Level 12.7 Fighting
   Level 4.3 Short Blades
 - Level 20.2 Bows
 - Level 6.3 Armour
 + Level 10.7 Dodging
 - Level 0.5 Stealth
 - Level 11.0 Invocations


You had 14 spell levels left.
You didn't know any spells.

Dungeon Overview and Level Annotations

Branches:
Dungeon (12/15)            Temple (1/1) D:4            Lair (6/6) D:8
 Shoals (0/4) Lair:4        Snake (2/4) Lair:3        Slime (0/5) Lair:5
    Orc: D:9-12

Altars:
Ashenzari
Cheibriados
Dithmenos
Elyvilon
Fedhas
Gozag
Hepliaklqana
Kikubaaqudgha
Makhleb
Nemelex Xobeh
Okawaru
Pakellas
Qazlal
Ru
Sif Muna
Trog
Uskayaw
Vehumet
Xom
Yredelemnul
Zin
The Shining One
Jiyva

Shops:
D:6 }?   D:10 [   Snake:1 *   Snake:2 (:

Annotations:
D:3 tstbtto's ghost, amateur HOFi
D:12 Kirke
Snake:2 Louise


Innate Abilities, Weirdness & Mutations

You have hooves in place of feet.
Armour fits poorly on your strangely shaped body.
You cover ground very quickly.
You have extremely tough skin. (AC +3)
You have very sharp teeth.
You are partially covered in slimy green scales. (AC +2)
You can translocate small distances at will.
Scrolls take you a little longer to read.
You are dopey. (Int -2)
You have an increased reservoir of magic. (+10% MP)
You passively map a small area around you.
Your system is resistant to poisons. (rPois)
[You are very frail. (-20% HP)]
[Your magical capacity is low. (-10% MP)]
[You occasionally shout uncontrollably at your foes.]
[You regenerate slowly when monsters are visible.]
[You are very weak. (Str -4)]


Message History

Something hits you.
* * * LOW HITPOINT WARNING * * *
You take 2 damage, and have 11/107 hp.
Something hits you.
* * * LOW HITPOINT WARNING * * *
You take 5 damage, and have 6/107 hp.
You feel better. Something hits you.
* * * LOW HITPOINT WARNING * * *
Something hits you but does no damage.
You regained 5 hp, and now have 11/107 hp.
Something hits you but does no damage. Something hits you!
* * * LOW HITPOINT WARNING * * *
You take 6 damage, and have 5/107 hp.
You feel better. Something hits you.
* * * LOW HITPOINT WARNING * * *
Louise gestures at you while chanting. The bolt of lightning hits you!
You die...
Fedhas appreciates your contribution to the ecosystem.

##....## ,, ##....#
* * ##..N## ##...##
##.@.### ###.#.## **
* ##.#.## *.. * ###
##.#@#######..# #..
####...@<....# , ...
##...######* , ...
####....########
#.###....#.....#####
##.>...####......##.
###.....#..........
##...............
###...PP........
####P)......)/


You could see Louise.

Vanquished Creatures
  A tentacled starspawn (Abyss:3)
  A draconian knight (Abyss:3)
  A purple draconian (Abyss:3)
  Josephine (D:11)
  A naga warrior (Snake:1)
  2 anacondas
  8 hydras
  Erolcha (D:10)
  2 catoblepae
  4 death yaks
  A tengu warrior (D:11)
  Urug (Lair:2)
  Sonja (D:12)
  A thrashing horror (Abyss:2)
  2 shock serpents
  A sea snake (Snake:1)
  A giant orange brain (Abyss:3)
  An orc knight (D:12)
  2 hill giants
  An ugly thing (D:11)
  2 mana vipers (Snake:2)
  2 griffons (Lair:6)
  2 manticores (Lair:6)
  A salamander (Snake:2)
  A cyclops (D:12)
  10 black mambas
  7 elephants
  Joseph (D:7)
  An orange demon (Abyss:3)
  13 spiny frogs
  2 gargoyles (D:10)
  3 smoke demons (Abyss:3)
  Psyche (D:8)
  7 komodo dragons
  A hellion (Abyss:2)
  3 rime drakes
  An ancient zyme (Abyss:3)
  2 trolls
  A harpy zombie (Abyss:3)
  A two-headed ogre (D:12)
  Grinder (D:5)
  18 polar bears
  4 large abominations
  14 blink frogs
  13 raiju
  Prince Ribbit (D:5)
  A shadow (D:12)
  4 wyverns
  An air elemental (Abyss:2)
  Eustachio (D:5)
  A ynoxinul (Abyss:3)
  4 fire bats (Lair:5)
  5 wraiths (D:11)
  45 yaks
  4 hungry ghosts
  10 hippogriffs
  A basilisk (Lair:6)
  A neqoxec (Abyss:3)
  6 vampire mosquitoes (Lair:3)
  7 wargs (Lair:6)
  10 nagas
  3 insubstantial wisps
  7 water moccasins
  A soldier ant (D:11)
  5 hell hounds
  8 porcupines
  Duvessa (D:5)
  22 black bears
  5 orc warriors
  3 sky beasts
  6 ogres
  A phantom (D:9)
  14 wolves
  16 centaurs
  10 crocodiles
  3 big kobolds
  20 giant frogs
  5 jellies
  A scorpion (D:9)
  3 wyvern skeletons
  Dowan (D:5)
  A water moccasin skeleton (D:9)
  11 killer bees
  3 howler monkeys
  11 wights
  A small abomination (Abyss:2)
  4 electric eels
  11 crimson imps
  A giant frog zombie (D:6)
  2 centaur zombies
  16 hounds
  20 orc wizards
  A quasit (D:7)
  7 orc priests
  Crazy Yiuf (D:2)
  2 centaur skeletons
  7 iguanas
  Natasha (thrice) (D:2)
  Terence (D:2)
  6 worker ants
  2 killer bee zombies (D:7)
  4 sheep (Lair:1)
  2 hound zombies (D:3)
  A hound skeleton (D:7)
  2 howler monkey zombies
  18 adders
  46 river rats
  2 white imps
  2 ufetubi
  3 adder zombies
  An adder skeleton (D:3)
  4 worms (D:3)
  5 dart slugs
  4 giant geckos
  52 orcs
  4 giant cockroaches
  8 goblins
  4 hobgoblins
  24 jackals
  24 kobolds
  3 quokkas
  6 ball pythons
  A ball python skeleton (D:3)
  11 bats
  4 giant cockroach zombies
  2 giant gecko skeletons (D:3)
  2 giant newts (D:4)
  A goblin skeleton (D:4)
  A goblin zombie (D:4)
  5 hobgoblin zombies (D:4)
  2 kobold skeletons (D:4)
  3 kobold zombies (D:4)
  An orc skeleton (D:4)
  An orc zombie (D:4)
  A quokka skeleton (D:3)
  11 rats
  A bush (D:2)
760 creatures vanquished.

Vanquished Creatures (others)
  A small abomination (Abyss:2)
  15 fungi
  19 plants
  4 starspawn tentacles (Abyss:3)
  131 starspawn tentacle segments (Abyss:3)
  401 toadstools
571 creatures vanquished.

Grand Total: 1331 creatures vanquished

Notes
Turn   | Place    | Note
--------------------------------------------------------------
     0 | D:1      | mistymad the Centaur Hunter began the quest for the Orb.
     0 | D:1      | Reached XP level 1. HP: 17/17 MP: 1/1
    51 | D:1      | Reached skill level 1 in Short Blades
    83 | D:1      | Reached XP level 2. HP: 16/24 MP: 2/2
   252 | D:1      | Found a snail-covered altar of Cheibriados.
   609 | D:1      | Reached XP level 3. HP: 22/29 MP: 3/3
  1039 | D:2      | Noticed Crazy Yiuf
  1048 | D:2      | Killed Crazy Yiuf
  1368 | D:2      | Reached XP level 4. HP: 36/36 MP: 4/4
  1423 | D:2      | Found a burning altar of Makhleb.
  1603 | D:2      | Noticed Terence
  1608 | D:2      | Killed Terence
  1849 | D:2      | Noticed Natasha
  1856 | D:2      | Killed Natasha
  1856 | D:2      | Reached XP level 5. HP: 34/41 MP: 5/5
  2035 | D:2      | Noticed Natasha
  2039 | D:2      | Killed Natasha
  2535 | D:3      | Noticed tstbtto's ghost (amateur HOFi)
  3325 | D:3      | Reached XP level 6. HP: 47/50 MP: 6/6
  3844 | D:3      | Found a faded altar of an unknown god.
  4045 | D:2      | Noticed Natasha
  4054 | D:2      | Killed Natasha
  4593 | D:3      | Found an iron altar of Okawaru.
  4775 | D:4      | Found a glowing golden altar of the Shining One.
  4820 | D:4      | Reached skill level 6 in Bows
  5004 | D:5      | Entered Level 5 of the Dungeon
  5284 | D:5      | Reached XP level 7. HP: 38/58 MP: 7/7
  5654 | D:5      | Reached skill level 7 in Bows
  5856 | D:4      | Found a staircase to the Ecumenical Temple.
  5958 | Temple   | Entered the Ecumenical Temple
  6311 | D:5      | Noticed Grinder
  6318 | D:5      | Paralysed by Grinder for 2 turns
  6850 | D:5      | Noticed Eustachio
  6900 | D:6      | Noticed Prince Ribbit
  6918 | D:5      | HP: 2/60 [Eustachio/rapier (7)]
  6922 | D:5      | Gained mutation: You have very sharp teeth. [potion of mutation]
  6922 | D:5      | Gained mutation: Your system is resistant to poisons. (rPois) [potion of mutation]
  6922 | D:5      | Gained mutation: You passively map a small area around you. [potion of mutation]
  7304 | D:5      | Reached skill level 5 in Fighting
  7304 | D:5      | Reached XP level 8. HP: 68/68 MP: 8/8
  7401 | D:5      | Killed Eustachio
  7401 | D:5      | Reached skill level 8 in Bows
  7671 | D:5      | Killed Grinder
  7671 | D:5      | Reached skill level 9 in Bows
  7701 | D:5      | Noticed Dowan
  7751 | D:5      | Killed Dowan
  7956 | D:5      | Noticed Duvessa
  8001 | D:5      | Killed Duvessa
  8698 | D:6      | Reached skill level 10 in Bows
  8812 | D:6      | Reached XP level 9. HP: 28/79 MP: 9/9
  9200 | D:5      | Killed Prince Ribbit
  9482 | D:6      | Found Wuridghehupt's Magic Scroll Shoppe.
  9485 | D:6      | Bought a scroll of identify for 28 gold pieces
  9485 | D:6      | Bought a scroll of identify for 28 gold pieces
  9485 | D:6      | Bought a scroll of identify for 28 gold pieces
  9485 | D:6      | Bought a scroll of identify for 28 gold pieces
  9485 | D:6      | Bought a scroll of identify for 28 gold pieces
  9486 | D:6      | Bought a scroll of noise for 14 gold pieces
  9635 | D:6      | Found Tufyaze's Quality Used Wands.
  9915 | D:6      | Found an oddly glowing altar of Pakellas.
 10196 | D:7      | Reached skill level 11 in Bows
 10350 | D:7      | Found a stormy altar of Qazlal.
 10352 | D:7      | Found a blossoming altar of Fedhas.
 10391 | D:7      | Became a worshipper of Fedhas Madash
 11344 | D:7      | Noticed Joseph
 11523 | D:7      | Killed Joseph
 11523 | D:7      | Reached skill level 12 in Bows
 12314 | D:7      | Reached XP level 10. HP: 91/91 MP: 10/10
 12565 | D:8      | Noticed Psyche
 12580 | D:8      | Killed Psyche
 12810 | D:8      | Found a white marble altar of Elyvilon.
 13342 | D:8      | Reached skill level 10 in Fighting
 13352 | D:8      | Found a deep blue altar of Sif Muna.
 13401 | D:8      | Reached skill level 13 in Bows
 13475 | D:8      | Found a staircase to the Lair.
 13941 | D:9      | Noticed a dagger
 13943 | D:9      | Found a hide-covered altar of Uskayaw.
 13943 | D:9      | Noticed a dagger
 14842 | D:9      | Found a hide-covered altar of Uskayaw.
 14861 | D:9      | You fall through a shaft for 3 floors!
 14861 | D:12     | Noticed a hill giant
 14874 | D:12     | Killed a hill giant
 14874 | D:12     | Reached skill level 14 in Bows
 15026 | D:11     | Noticed a tengu warrior
 15142 | D:11     | Killed a tengu warrior
 15142 | D:11     | Reached XP level 11. HP: 82/102 MP: 11/11
 15331 | D:11     | Noticed Josephine
 15370 | D:11     | Killed Josephine
 16080 | D:10     | Entered Level 10 of the Dungeon
 16153 | D:11     | Reached skill level 1 in Armour
 16263 | D:11     | Noticed a hill giant
 16282 | D:11     | Killed a hill giant
 16348 | D:10     | Noticed Erolcha
 16591 | D:11     | Noticed a cyan ugly thing
 16646 | D:11     | Killed a cyan ugly thing
 16656 | D:11     | Gained mutation: You have a pair of small horns on your head. [mutagenic meat]
 16657 | D:11     | Gained mutation: You are partially covered in slimy green scales. (AC +2) [mutagenic meat]
 16658 | D:11     | Gained mutation: You have an increased reservoir of magic. (+10% MP) [mutagenic meat]
 16732 | D:11     | Reached skill level 5 in Dodging
 17001 | D:10     | Killed Erolcha
 17136 | D:10     | Found Toeduq's Armour Emporium.
 17552 | D:10     | Gained mutation: You are dopey. (Int -2) [mutagenic meat]
 17553 | D:10     | Gained mutation: You are very dopey. (Int -4) [mutagenic meat]
 17554 | D:10     | Gained mutation: [You are weak. (Str -2)] [mutagenic meat]
 17555 | D:10     | Gained mutation: You are agile. (Dex +2) [mutagenic meat]
 17556 | D:10     | Gained mutation: Scrolls take you a little longer to read. [mutagenic meat]
 18230 | D:9      | Found a bloodstained altar of Trog.
 18308 | D:9      | Reached XP level 12. HP: 110/110 MP: 13/13
 18571 | Lair:1   | Entered Level 1 of the Lair of Beasts
 18617 | Lair:1   | Reached skill level 5 in Armour
 18729 | Lair:1   | Reached * piety under Fedhas
 18949 | Lair:1   | Lost mutation: [You are weak. (Str -2)] [potion of cure mutation]
 18949 | Lair:1   | Lost mutation: You are agile. (Dex +2) [potion of cure mutation]
 18949 | Lair:1   | Lost mutation: You have a pair of small horns on your head. [potion of cure mutation]
 18954 | Lair:1   | Identified 3 scrolls of acquirement
 18985 | Lair:1   | Got a polished shortbow
 18986 | Lair:1   | Identified the +0 shortbow "Jellybane" {freeze, +Fly rPois MR+} (You acquired it on level 1 of the Lair of Beasts)
 19525 | Lair:1   | Reached skill level 15 in Bows
 19750 | Lair:1   | Reached ** piety under Fedhas
 20462 | Lair:2   | Noticed Urug
 20469 | Lair:2   | Killed Urug
 20719 | Lair:2   | Reached skill level 16 in Bows
 20862 | Lair:2   | Noticed a seven-headed hydra
 20867 | Lair:2   | Killed a seven-headed hydra
 21561 | Lair:3   | Reached *** piety under Fedhas
 21636 | Lair:3   | Reached skill level 17 in Bows
 21877 | Lair:3   | Reached XP level 13. HP: 95/116 MP: 14/14
 22119 | Lair:3   | Found a staircase to the Snake Pit.
 22626 | Lair:4   | Reached skill level 18 in Bows
 22685 | Lair:4   | Reached **** piety under Fedhas
 23649 | Lair:4   | Found a staircase to the Shoals.
 23830 | Lair:5   | Reached skill level 19 in Bows
 24077 | Lair:5   | Found a viscous altar of Jiyva.
 24078 | Lair:5   | Found a staircase to the Slime Pits.
 24392 | Lair:5   | Reached ***** piety under Fedhas
 24485 | Lair:5   | Reached skill level 20 in Bows
 24912 | Lair:6   | Entered Level 6 of the Lair of Beasts
 24943 | Lair:6   | Reached skill level 1 in Invocations
 25044 | Lair:6   | Reached skill level 5 in Invocations
 25061 | Lair:6   | Reached XP level 14. HP: 113/124 MP: 18/20
 25456 | Lair:6   | Got a crystal falchion
 25458 | Lair:6   | Identified the +8 falchion of the Morning {flame, rPois Str+2} (You found it on level 6 of the Lair of Beasts)
 26126 | Lair:6   | Reached skill level 10 in Invocations
 27332 | D:12     | Reached ****** piety under Fedhas
 27352 | D:12     | Noticed Sonja
 27370 | D:12     | Killed Sonja
 27433 | D:12     | Noticed Kirke
 27568 | D:12     | Noticed a sphinx
 27821 | Snake:1  | Entered Level 1 of the Snake Pit
 27821 | Snake:1  | Found Qytirgh's Assorted Antiques.
 28036 | Snake:1  | Lost mutation: You are very dopey. (Int -4) [potion of mutation]
 28036 | Snake:1  | Gained mutation: You can translocate small distances at will. [potion of mutation]
 28648 | Snake:2  | Found Gival's Book Emporium.
 28969 | Snake:2  | Found Alossof's Weapon Shoppe.
 28995 | Snake:2  | Noticed Louise
 29026 | Snake:2  | Cast into level 2 of the Abyss (Louise)
 29028 | Abyss:2  | Found a corrupted altar of Lugonu.
 29093 | Abyss:2  | Noticed a lich
 29094 | Abyss:2  | Noticed a starcursed mass
 29120 | Abyss:2  | Paralysed by accursed screaming for 1 turns
 29194 | Abyss:2  | Noticed a starcursed mass
 29274 | Abyss:2  | Got a warped flail
 29341 | Abyss:2  | Got a jade-encrusted ring mail
 29448 | Abyss:2  | Identified the cursed +0 ring mail "Roikotax" {Regen+ MP+9} (You found it on level 2 of the Abyss)
 29501 | Abyss:2  | Noticed a lich
 29525 | Abyss:2  | Noticed a hellephant
 29599 | Abyss:2  | Reached XP level 15. HP: 133/133 MP: 25/25
 29888 | Abyss:2  | Noticed a tentacled starspawn
 30056 | Abyss:3  | Noticed a bone dragon
 30188 | Abyss:3  | Reached skill level 10 in Dodging
 30216 | Abyss:3  | Noticed a bone dragon
 30288 | Abyss:3  | Noticed a tentacled starspawn
 30297 | Abyss:3  | Noticed a purple draconian knight
 30300 | Abyss:3  | Killed a tentacled starspawn
 30315 | Abyss:3  | Killed a purple draconian knight
 30351 | Abyss:3  | Noticed a tentacled starspawn
 30450 | Abyss:3  | Noticed a bone dragon
 30529 | Abyss:3  | HP: 2/107 [raiju/living lightning (12)]
 30801 | Abyss:3  | Found a corrupted altar of Lugonu.
 30817 | Snake:2  | Escaped the Abyss
 30836 | Snake:2  | HP: 5/107 [something (7)]
 30837 | Snake:2  | Killed from afar by Louise

Vault maps used:
D:1:      minmay_arrival_shattered_statue, cheibriados_altar_1
D:2:      bloody_makhleb, minmay_liquid_box, uniq_terence,
          uniq_crazy_yiuf_cottage, uniq_natasha
D:3:      lemuel_round_altar, serial_undead, serial_undead_a, serial_undead_b,
          serial_undead_d, serial_undead_e, serial_undead_b, serial_undead_e,
          serial_undead_a, serial_undead_e, serial_undead_c, serial_undead_d,
          first_bread, ecumenical_altar_2
D:4:      nicolae_tso_besieged_by_evil, item_on_display_b
D:5:      kennysheep_another_room, uniq_duvessa, uniq_eustachio, uniq_grinder
D:6:      grunt_pakellas_salt, portal_sewer_entry_b, serial_glass,
          glass_columns_b, glass_columns_a, glass_columns_c, glass_columns_a,
          glass_columns_a, serial_shops, kennysheep_mini,
          kennysheep_small_spiral, nicolae_for_you_no_charge,
          uniq_prince_ribbit1
D:7:      grunt_temple_overflow_forces_of_nature, abandoned_shop, uniq_joseph
D:8:      elyvilon_altar_5, tgw_sif, minmay_lair_entry_lava, uniq_psyche
D:9:      lightli_temple_of_fire, dancing_weapons_uskayaw, basic_altar
D:10:     serial_shops, shop, uniq_erolcha
D:11:     uniq_josephine
D:12:     david_orc_5, lab_entry_generic, hangedman_pestilent_swarm, uniq_sonja,
          uniq_kirke
Temple:   nicolae_temple_hex_pool
Lair:1:   beast_lair_carwin_large_4, bh_autumn_forest_stairs
Lair:2:   uniq_urug
Lair:3:   minmay_snake_entry_guardpost_small, pond, grunt_megastairs_5,
          infiniplex_staircase_pool
Lair:4:   minmay_shoals_entry_centaurs, serial_bayou_ford_a, minivault_23,
          beast_lair_carwin_4
Lair:5:   dpeg_slime_entry_enclosed_altar, grunt_megastairs_1
Lair:6:   hangedman_lair_in_review, hangedman_lair_caniforms_friends
Snake:1:  serial_shops, nicolae_shop_statue_plus, nicolae_snake_biting_tails,
          serial_bayou_shore_a
Snake:2:  serial_shops, shop, shop, uniq_louise

Skill      XL: |  1  2  3  4  5  6  7  8  9 10 11 12 13 14 15 |
---------------+----------------------------------------------+-----
Short Blades   | 1 2 3 4 |  4.3
Dodging        | 2 3 6 7 9 10 | 10.7
Fighting       | 3 5 7 9 11 12 | 12.7
Bows           | 6 7 10 12 14 17 20 | 20.2
Armour         | 4 6 |  6.3
Invocations    | 6 11 | 11.0
Stealth        | |  0.5

Action                   |  1- 3 |  4- 6 |  7- 9 | 10-12 | 13-15 || total
-------------------------+-------+-------+-------+-------+-------++-------
Melee: Short sword       |   255 |   376 |   442 |    70 |       ||  1143
       Kick              |    77 |    93 |   115 |   142 |    37 ||   464
       Bite              |       |       |    40 |    44 |    12 ||    96
       Dagger            |       |       |       |   330 |    60 ||   390
       Headbutt          |       |       |       |    12 |       ||    12
       Shortbow          |       |       |       |     1 |       ||     1
       Falchion          |       |       |       |       |    37 ||    37
       Longbow           |       |       |       |       |     9 ||     9
 Fire: Shortbow          |     5 |    48 |   446 |   923 |       ||  1422
       Longbow           |       |       |       |   168 |   901 ||  1069
Evoke: Wand              |       |       |     2 |       |     5 ||     7
  Use: Potion            |     1 |     1 |     7 |     1 |     6 ||    16
       Scroll            |       |     7 |     5 |     9 |    15 ||    36
 Stab: Paralysed         |       |       |     9 |       |       ||     9
       Sleeping          |       |       |       |     2 |       ||     2
  Eat: Chunk             |     1 |    11 |    20 |    30 |    17 ||    79
       Bread ration      |       |       |       |     1 |     1 ||     2
Armor: Leather armour    |    70 |   104 |   299 |     1 |       ||   474
       Skin              |       |    40 |       |       |       ||    40
       Chain mail        |       |    31 |       |       |       ||    31
       Robe              |       |       |       |    64 |       ||    64
       Troll leather arm |       |       |       |   299 |   241 ||   540
       Ring mail         |       |       |       |       |   109 ||   109
Dodge: Dodged            |    91 |   185 |   338 |   422 |   269 ||  1305
